Senateurs vs Maple Leafs

Created - November 28, 2018 at 19:01

Goals
1 2 3 T
Senateurs 3 3 2 8
Maple Leafs 0 0 2 2
Shots
1 2 3 T
Senateurs 12 8 15 35
Maple Leafs 9 9 13 31

1st period

1. Senateurs , Evgeni Malkin 14 (Thomas Vanek 18, Dan Hamhuis 10) at 4:27
2. Senateurs , Cody Hodgson 6 (Sergei Kostitsyn 7) at 5:45
3. Senateurs , Brenden Morrow 9 (Daniel Briere 19, Jeff Deslauriers) at 16:00 (PP)

Penalties :
Eric Nystrom (Tor) for Delaying the game (Minor) at 15:26, Ben Smith (Tor) for Holding (Minor) at 16:30

2nd period

4. Senateurs , Daniel Briere 9 (Dan Hamhuis 11, Brenden Morrow 9) at 2:08 (PP)
5. Senateurs , Cody Hodgson 7 (Marian Hossa 9, Brenden Morrow 10) at 9:34
6. Senateurs , Radim Vrbata 5 (Cody Hodgson 8, Karl Alzner 7) at 13:55

Penalties :
Tobias Enstrom (Tor) for Roughing (Minor) at 1:34, Radim Vrbata (Ott) for Holding Stick (Minor) at 4:20, Braydon Coburn (Tor) for Fighting (Major) at 6:52, Daniel Briere (Ott) for Fighting (Major) at 6:52, Eric Nystrom (Tor) for Goalie Interference (Minor) at 10:16, T.J Galiardi (Tor) for Slashing (Minor) at 15:05

3rd period

7. Maple Leafs , Jeremy Morin 3 (Zac Dalpe 4) at 3:21
8. Senateurs , Thomas Vanek 10 (Evgeni Malkin 16) at 4:54
9. Maple Leafs , Jordan Staal 10 (Ryan Parent 4, Thomas McCollum) at 16:52
10. Senateurs , Thomas Vanek 11 (Daniel Briere 20, Dan Hamhuis 12) at 18:26 (PP)

Penalties :
Karl Alzner (Ott) for Goalie Interference (Minor) at 0:03, Brandon Dubinsky (Ott) for Roughing (Minor) at 6:06, Claude Giroux (Tor) for Fighting (Major) at 10:02, Brooks Orpik (Ott) for Fighting (Major) at 10:02, Daniel Briere (Ott) for Hooking (Minor) at 13:14, John Klingberg (Tor) for Roughing (Minor) at 17:27, Braydon Coburn (Tor) for Tripping (Minor) at 19:01

Goalie Stats

Jeff Deslauriers (Ott), 29 saves from 31 shots - (0.935), W, 3-1-0, 60:00 minutes
Marc-André Fleury (Tor), 10 saves from 14 shots - (0.714), L, 9-8-0, 22:08 minutes
Thomas McCollum (Tor), 17 saves from 21 shots - (0.810), 37:52 minutes

Players Stats for Senateurs

Player Name              G  A  P  +/- PIM S  H  SB GA TA FO     MP     PP MP  PK MP  
------------------------------------------------------------------------------------
Brandon Dubinsky         0  0  0   0  2   3  0  1  1  0  0/0     8:15   0:00   1:06 
Brenden Morrow           1  2  3   1  0   5  1  1  0  0  0/2    17:34   4:43   0:34 
Brooks Orpik             0  0  0  -1  5   1  0  1  0  0  0/0    11:24   0:00   1:21 
Carlo Colaiacovo         0  0  0   0  0   0  1  0  0  1  0/0    19:19   1:32   3:18 
Chris Kunitz             0  0  0   0  0   0  0  0  0  0  0/0     6:28   0:00   0:00 
Cody Franson             0  0  0   0  0   2  2  0  0  1  0/0    19:25   1:32   3:24 
Cody Hodgson             2  1  3   1  0   4  2  1  0  0  1/6    13:29   0:45   0:12 
Colby Armstrong          0  0  0   2  0   3  1  0  0  0  1/3    17:45   4:43   0:00 
Dan Hamhuis              0  3  3   3  0   1  0  2  0  0  0/0    31:56   7:30   4:38 
Daniel Briere            1  2  3   0  7   3  3  2  1  0  8/14   16:23   3:55   1:54 
Evgeni Malkin            1  1  2   2  0   3  1  0  0  0  25/41  22:25   4:19   4:50 
Karl Alzner              0  1  1   4  2   1  1  0  0  1  0/0    29:53   7:30   3:14 
Marc-André Bernier       0  0  0   0  0   0  0  0  0  0  0/1     6:28   0:00   0:00 
Marian Hossa             0  1  1   1  0   1  1  0  0  2  1/2    17:58   4:19   2:25 
Radim Vrbata             1  0  1   0  2   1  1  1  0  0  0/0    11:07   0:03   0:00 
Sergei Kostitsyn         0  1  1   0  0   0  0  0  1  0  0/0    11:01   0:00   0:00 
Thomas Vanek             2  1  3   2  0   7  1  0  1  0  1/3    22:26   4:19   4:51 
Vladimir Mihalik         0  0  0   0  0   0  0  2  0  0  0/0     8:45   0:00   0:00 

Players Stats for Maple Leafs

Player Name              G  A  P  +/- PIM S  H  SB GA TA FO     MP     PP MP  PK MP  
------------------------------------------------------------------------------------
Artemi Panarin           0  0  0  -2  0   1  1  0  0  0  2/2    22:32   4:29   2:48 
Ben Smith                0  0  0  -1  2   0  1  0  1  0  0/0    14:45   3:21   0:00 
Blake Comeau             0  0  0  -1  0   0  0  1  0  0  0/0     8:58   0:25   0:00 
Braydon Coburn           0  0  0  -2  7   2  1  1  0  0  0/0    22:42   2:45   4:21 
Claude Giroux            0  0  0  -2  5   3  1  0  2  0  5/12   22:22   3:32   5:59 
Eric Nystrom             0  0  0  -1  4   1  2  0  0  0  0/0    10:10   0:25   0:49 
Fabian Brunnstrom        0  0  0  -1  0   1  2  0  0  0  1/1    14:13   3:02   0:00 
Gilbert Brule            0  0  0  -1  0   0  1  0  1  0  3/8    13:26   3:02   2:14 
Jeremy Morin             1  0  1   1  0   2  1  0  0  0  0/0     8:03   0:00   0:00 
John Klingberg           0  0  0   0  2   1  2  0  0  1  0/0    23:35   5:11   0:35 
Jordan Staal             1  0  1  -2  0   7  2  0  0  0  18/35  25:30   4:29   6:00 
Marc-Édouard Vlasic      0  0  0  -3  0   2  2  0  1  1  0/0    18:13   2:45   0:57 
Mark Scheifele           0  0  0  -1  0   2  2  0  0  0  2/10   14:41   1:03   0:14 
Ryan Parent              0  1  1   0  0   2  2  0  0  1  0/0    12:02   0:00   3:47 
T.J Galiardi             0  0  0   1  2   1  0  0  0  1  0/0     8:10   0:00   0:00 
Taylor Chorney           0  0  0  -1  0   0  1  1  0  0  0/0    16:35   0:00   6:19 
Tobias Enstrom           0  0  0   0  2   4  0  1  0  0  0/0    26:52   5:11   2:08 
Zac Dalpe                0  1  1   1  0   2  0  0  0  0  4/4     8:03   0:00   0:00 

3 Stars

1 - Thomas Vanek (Ott)
2 - Cody Hodgson (Ott)
3 - Brenden Morrow (Ott)

Power Play

Senateurs - 3 on 7 Attempt(s) - 42.86%
Maple Leafs - 0 on 4 Attempt(s) - 0.00%

Penalty Kill

Senateurs - 4 on 4 Attempt(s) - 100.00% - Score 0 goal in Penalty Kill
Maple Leafs - 4 on 7 Attempt(s) - 57.14% - Score 0 goal in Penalty Kill

Team Stat

Senateurs - Hits : 15 - Faceoff Wins : 37 - Blocked Shots : 11 - Penalty Minutes : 18
Maple Leafs - Hits : 21 - Faceoff Wins : 35 - Blocked Shots : 4 - Penalty Minutes : 24

Official

Referees : Unknown
Linesman : Unknown

Game Notes

Thomas McCollum enters game at 2:08 of 2nd period
Braydon Coburn beats up Daniel Briere at 6:52 of 2nd period
Brooks Orpik beats up Claude Giroux at 10:02 of 3rd period

Finance

Level 1 -- Attendance: 6000 (100.00%) -- Ticket Income $540,000
Level 2 -- Attendance: 4735 (94.70%) -- Ticket Income $260,425
Level 3 -- Attendance: 2000 (100.00%) -- Ticket Income $72,000
Level 4 -- Attendance: 4000 (100.00%) -- Ticket Income $100,000
Luxury Box -- Attendance: 927 (92.70%) -- Ticket Income $143,685
Game was played at the Maple Leafs Garden.
Total Attendance: 17662 (98.12%)
Total Ticket Income: $1,116,110
Other Income: $167,416
Total Income: $1,283,526

Senateurs

5 vs 5 Forward 
   Center                   Left Wing                Right Wing               Time % Phy DF OF 
 1 Evgeni Malkin            Thomas Vanek             Colby Armstrong          40     1   2  2  
 2 Daniel Briere            Brenden Morrow           Marian Hossa             30     1   2  2  
 3 Cody Hodgson             Sergei Kostitsyn         Radim Vrbata             20     1   2  2  
 4 Brandon Dubinsky         Chris Kunitz             Marc-André Bernier       10     1   2  2  

5 vs 5 Defense 
   Defense                  Defense                                           Time % Phy DF OF 
 1 Dan Hamhuis              Karl Alzner                                       40     1   2  2  
 2 Cody Franson             Carlo Colaiacovo                                  30     1   2  2  
 3 Vladimir Mihalik         Brooks Orpik                                      20     1   2  2  
 4 Dan Hamhuis              Karl Alzner                                       10     1   2  2  

PowerPlay Forward 
   Center                   Left Wing                Right Wing               Time % Phy DF OF 
 1 Evgeni Malkin            Thomas Vanek             Marian Hossa             60     1   2  2  
 2 Daniel Briere            Brenden Morrow           Colby Armstrong          40     1   2  2  

PowerPlay Defense
   Defense                  Defense                                           Time % Phy DF OF 
 1 Dan Hamhuis              Karl Alzner                                       60     1   2  2  
 2 Cody Franson             Carlo Colaiacovo                                  40     1   2  2  

Penalty Kill 4 Players Forward 
   Center                   Wing                     Time % Phy DF OF 
 1 Evgeni Malkin            Thomas Vanek             60     1   2  2  
 2 Daniel Briere            Marian Hossa             40     1   2  2  

Penalty Kill 4 Players Defense
   Defense                  Defense                  Time % Phy DF OF 
 1 Dan Hamhuis              Karl Alzner              60     1   2  2  
 2 Cody Franson             Carlo Colaiacovo         40     1   2  2  

Penalty Kill - 3 Players Forward 
   Forward                                           Time % Phy DF OF 
 1 Evgeni Malkin                                     60     1   2  2  
 2 Thomas Vanek                                      40     1   2  2  

Penalty Kill - 3 Players Defense
   Defense                  Defense                  Time % Phy DF OF 
 1 Dan Hamhuis              Karl Alzner              60     1   2  2  
 2 Cody Franson             Carlo Colaiacovo         40     1   2  2  

4 vs 4 Forward 
   Center                   Wing                     Time % Phy DF OF 
 1 Evgeni Malkin            Thomas Vanek             60     1   2  2  
 2 Daniel Briere            Marian Hossa             40     1   2  2  

4 vs 4 Defense
   Defense                  Defense                  Time % Phy DF OF 
 1 Dan Hamhuis              Karl Alzner              60     1   2  2  
 2 Cody Franson             Carlo Colaiacovo         40     1   2  2  

Last Minutes Offensive
   Center                   Left Wing                Right Wing               Defense                  Defense                  
   Evgeni Malkin            Thomas Vanek             Marian Hossa             Dan Hamhuis              Karl Alzner              

Last Minutes Defensive
   Center                   Left Wing                Right Wing               Defense                  Defense                  
   Evgeni Malkin            Thomas Vanek             Marian Hossa             Dan Hamhuis              Karl Alzner              

Goaltenders
Starting : Jeff Deslauriers         
Backup : Ondrej Pavelec           

Extra Forwards
Normal : Cody Hodgson, Radim Vrbata, Brandon Dubinsky - PP : Cody Hodgson, Radim Vrbata - PK : Brandon Dubinsky
Extra Defensemen
Normal : Vladimir Mihalik, Brooks Orpik, Cody Franson - PP : Vladimir Mihalik - PK : Brooks Orpik, Cody Franson
Penalty Shots
Evgeni Malkin, Thomas Vanek, Daniel Briere, Marian Hossa, Brenden Morrow

Scratches
None

Maple Leafs

5 vs 5 Forward 
   Center                   Left Wing                Right Wing               Time % Phy DF OF 
 1 Jordan Staal             Artemi Panarin           Claude Giroux            40     1   2  2  
 2 Mark Scheifele           Fabian Brunnstrom        Ben Smith                30     1   2  2  
 3 Gilbert Brule            Eric Nystrom             Blake Comeau             20     1   2  2  
 4 Zac Dalpe                T.J Galiardi             Jeremy Morin             10     1   2  2  

5 vs 5 Defense 
   Defense                  Defense                                           Time % Phy DF OF 
 1 Tobias Enstrom           John Klingberg                                    40     1   2  2  
 2 Braydon Coburn           Marc-Édouard Vlasic                               30     1   2  2  
 3 Taylor Chorney           Ryan Parent                                       20     1   2  2  
 4 Tobias Enstrom           Braydon Coburn                                    10     1   2  2  

PowerPlay Forward 
   Center                   Left Wing                Right Wing               Time % Phy DF OF 
 1 Jordan Staal             Artemi Panarin           Claude Giroux            60     1   2  2  
 2 Gilbert Brule            Fabian Brunnstrom        Ben Smith                40     1   2  2  

PowerPlay Defense
   Defense                  Defense                                           Time % Phy DF OF 
 1 Tobias Enstrom           John Klingberg                                    60     1   2  2  
 2 Marc-Édouard Vlasic      Braydon Coburn                                    40     1   2  2  

Penalty Kill 4 Players Forward 
   Center                   Wing                     Time % Phy DF OF 
 1 Claude Giroux            Jordan Staal             60     1   2  2  
 2 Gilbert Brule            Artemi Panarin           40     1   2  2  

Penalty Kill 4 Players Defense
   Defense                  Defense                  Time % Phy DF OF 
 1 Taylor Chorney           Braydon Coburn           60     1   2  2  
 2 Tobias Enstrom           Ryan Parent              40     1   2  2  

Penalty Kill - 3 Players Forward 
   Forward                                           Time % Phy DF OF 
 1 Claude Giroux                                     60     1   2  2  
 2 Jordan Staal                                      40     1   2  2  

Penalty Kill - 3 Players Defense
   Defense                  Defense                  Time % Phy DF OF 
 1 Taylor Chorney           Braydon Coburn           60     1   2  2  
 2 Tobias Enstrom           Ryan Parent              40     1   2  2  

4 vs 4 Forward 
   Center                   Wing                     Time % Phy DF OF 
 1 Claude Giroux            Jordan Staal             60     1   2  2  
 2 Gilbert Brule            Artemi Panarin           40     1   2  2  

4 vs 4 Defense
   Defense                  Defense                  Time % Phy DF OF 
 1 Tobias Enstrom           Braydon Coburn           60     1   2  2  
 2 Taylor Chorney           Ryan Parent              40     1   2  2  

Last Minutes Offensive
   Center                   Left Wing                Right Wing               Defense                  Defense                  
   Jordan Staal             Artemi Panarin           Claude Giroux            Tobias Enstrom           John Klingberg           

Last Minutes Defensive
   Center                   Left Wing                Right Wing               Defense                  Defense                  
   Jordan Staal             Artemi Panarin           Claude Giroux            Taylor Chorney           Braydon Coburn           

Goaltenders
Starting : Marc-André Fleury        
Backup : Thomas McCollum          

Extra Forwards
Normal : Mark Scheifele, Ben Smith, Eric Nystrom - PP : Mark Scheifele, Ben Smith - PK : Eric Nystrom
Extra Defensemen
Normal : Marc-Édouard Vlasic, John Klingberg, Taylor Chorney - PP : Marc-Édouard Vlasic - PK : Ryan Parent, Taylor Chorney
Penalty Shots
Claude Giroux, Jordan Staal, Gilbert Brule, Artemi Panarin, Fabian Brunnstrom

Scratches
Alex Killorn (Healthy)

% Time on Ice - Senateurs

Lines # - Real PCT - Wanted PCT - Time Play
Normal Forward
1 - 32% - 40% - 13:58
2 - 27% - 30% - 11:35
3 - 26% - 20% - 11:01
4 - 15% - 10% - 6:28
Normal Defense
1 - 43% - 40% - 18:22
2 - 34% - 30% - 14:29
3 - 20% - 20% - 8:45
4 - 3% - 10% - 1:26
PP Forward
1 - 48% - 60% - 4:19
2 - 52% - 40% - 4:43
PP Defense
1 - 83% - 60% - 7:30
2 - 17% - 40% - 1:32
PK Forward
1 - 70% - 60% - 5:31
2 - 30% - 40% - 2:25
PK Defense
1 - 58% - 60% - 4:38
2 - 42% - 40% - 3:18
PK3 Forward
1 - 0% - 60%
2 - 0% - 40%
PK3 Defense
1 - 0% - 60%
2 - 0% - 40%
44 Forward
1 - 0% - 60%
2 - 0% - 40%
44 Defense
1 - 0% - 60%
2 - 0% - 40%
Last Minute Offensive  - 0:00
Last Minute Defensive  - 0:00
Total
Forward - 60:00
Defense - 60:00

% Time on Ice - Maple Leafs

Lines # - Real PCT - Wanted PCT - Time Play
Normal Forward
1 - 37% - 40% - 15:46
2 - 26% - 30% - 11:11
3 - 19% - 20% - 8:02
4 - 19% - 10% - 8:03
Normal Defense
1 - 43% - 40% - 18:31
2 - 32% - 30% - 13:42
3 - 19% - 20% - 8:15
4 - 6% - 10% - 2:34
PP Forward
1 - 62% - 60% - 4:54
2 - 38% - 40% - 3:02
PP Defense
1 - 65% - 60% - 5:11
2 - 35% - 40% - 2:45
PK Forward
1 - 75% - 60% - 6:48
2 - 25% - 40% - 2:14
PK Defense
1 - 76% - 60% - 6:54
2 - 24% - 40% - 2:08
PK3 Forward
1 - 0% - 60%
2 - 0% - 40%
PK3 Defense
1 - 0% - 60%
2 - 0% - 40%
44 Forward
1 - 0% - 60%
2 - 0% - 40%
44 Defense
1 - 0% - 60%
2 - 0% - 40%
Last Minute Offensive  - 0:00
Last Minute Defensive  - 0:00
Total
Forward - 60:00
Defense - 60:00

Play by Play

1st period


0:01 of 1st period - Jordan Staal wins face-off versus Evgeni Malkin in neutral zone.
0:32 of 1st period - Wrist shot by Mark Scheifele.
0:32 of 1st period - Stopped by Jeff Deslauriers with a rebound.
0:50 of 1st period - Cody Hodgson is hit by Marc-Édouard Vlasic and loses puck.
0:59 of 1st period - Wrist shot by Gilbert Brule.
0:59 of 1st period - Shot Misses the Net.
1:01 of 1st period - Slapshot by Taylor Chorney.
1:01 of 1st period - Shot Misses the Net.
1:03 of 1st period - Slapshot by Taylor Chorney.
1:03 of 1st period - Shot Misses the Net.
1:21 of 1st period - Wrist shot by Chris Kunitz.
1:21 of 1st period - Deflect By Brandon Dubinsky.
1:21 of 1st period - Stopped by Marc-André Fleury without a rebound.
1:22 of 1st period - Evgeni Malkin wins face-off versus Jordan Staal in Maple Leafs zone.
1:54 of 1st period - Snap shot by Brenden Morrow.
1:54 of 1st period - Shot Misses the Net.
2:12 of 1st period - Cody Hodgson is hit by Ryan Parent and loses puck.
3:09 of 1st period - Carlo Colaiacovo is hit by Jordan Staal and loses puck.
3:49 of 1st period - Wrist shot by Cody Hodgson.
3:49 of 1st period - Stopped by Marc-André Fleury without a rebound.
3:50 of 1st period - Cody Hodgson wins face-off versus Jordan Staal in Maple Leafs zone.
4:27 of 1st period - Snap shot by Thomas Vanek.
4:27 of 1st period - Deflect By Evgeni Malkin.
4:27 of 1st period - Goal by Evgeni Malkin - Senateurs : 1 - Maple Leafs : 0.
4:28 of 1st period - Evgeni Malkin wins face-off versus Jordan Staal in neutral zone.
4:39 of 1st period - Slapshot by Evgeni Malkin.
4:39 of 1st period - Shot Blocked by Braydon Coburn.
4:45 of 1st period - Dan Hamhuis is hit by Marc-Édouard Vlasic and loses puck.
5:18 of 1st period - Gilbert Brule is hit by Karl Alzner and loses puck.
5:45 of 1st period - Slapshot by Cody Hodgson.
5:45 of 1st period - Goal by Cody Hodgson - Senateurs : 2 - Maple Leafs : 0.
5:46 of 1st period - Evgeni Malkin wins face-off versus Jordan Staal in neutral zone.
6:11 of 1st period - Brenden Morrow is hit by John Klingberg and loses puck.
6:18 of 1st period - Slapshot by Marc-Édouard Vlasic.
6:18 of 1st period - Deflect By Fabian Brunnstrom.
6:18 of 1st period - Stopped by Jeff Deslauriers without a rebound.
6:19 of 1st period - Mark Scheifele wins face-off versus Evgeni Malkin in Senateurs zone.
6:46 of 1st period - Icing by Cody Franson.
6:47 of 1st period - Evgeni Malkin wins face-off versus Jordan Staal in Senateurs zone.
6:56 of 1st period - Wrist shot by Thomas Vanek.
6:56 of 1st period - Stopped by Marc-André Fleury with a rebound.
6:58 of 1st period - Snap shot by Cody Franson.
6:58 of 1st period - Shot Misses the Net.
7:24 of 1st period - Snap shot by Evgeni Malkin.
7:24 of 1st period - Deflect By Colby Armstrong.
7:24 of 1st period - Shot Misses the Net.
7:24 of 1st period - Puck is out of play.
7:25 of 1st period - Daniel Briere wins face-off versus Gilbert Brule in Maple Leafs zone.
7:55 of 1st period - Sergei Kostitsyn is hit by Braydon Coburn and loses puck.
7:59 of 1st period - Icing by Sergei Kostitsyn.
8:00 of 1st period - Jordan Staal wins face-off versus Cody Hodgson in Senateurs zone.
8:01 of 1st period - Snap shot by Claude Giroux.
8:01 of 1st period - Stopped by Jeff Deslauriers with a rebound.
8:03 of 1st period - Slapshot by Tobias Enstrom.
8:03 of 1st period - Deflect By Jordan Staal.
8:03 of 1st period - Shot Blocked by Radim Vrbata.
8:03 of 1st period - Puck is out of play.
8:04 of 1st period - Daniel Briere wins face-off versus Jordan Staal in Senateurs zone.
8:39 of 1st period - Snap shot by Jordan Staal.
8:39 of 1st period - Shot Misses the Net.
8:41 of 1st period - Slapshot by Claude Giroux.
8:41 of 1st period - Deflect By Brooks Orpik.
8:41 of 1st period - Shot Misses the Net.
8:41 of 1st period - Puck is out of play.
8:42 of 1st period - Daniel Briere wins face-off versus Gilbert Brule in Senateurs zone.
9:07 of 1st period - Fabian Brunnstrom is hit by Radim Vrbata.
9:13 of 1st period - Wrist shot by Mark Scheifele.
9:13 of 1st period - Shot Blocked by Cody Hodgson.
9:15 of 1st period - Snap shot by Ben Smith.
9:15 of 1st period - Deflect By Mark Scheifele.
9:15 of 1st period - Shot Misses the Net.
9:15 of 1st period - Puck is out of play.
9:16 of 1st period - Evgeni Malkin wins face-off versus Jordan Staal in Senateurs zone.
9:47 of 1st period - Brooks Orpik is hit by Artemi Panarin and loses puck.
10:40 of 1st period - Snap shot by Jordan Staal.
10:40 of 1st period - Deflect By Claude Giroux.
10:40 of 1st period - Shot Blocked by Vladimir Mihalik.
10:40 of 1st period - Puck is out of play.
10:41 of 1st period - Evgeni Malkin wins face-off versus Mark Scheifele in Senateurs zone.
10:41 of 1st period - Evgeni Malkin is hit by Mark Scheifele.
10:44 of 1st period - Icing by Thomas Vanek.
10:45 of 1st period - Evgeni Malkin wins face-off versus Mark Scheifele in Senateurs zone.
10:45 of 1st period - Evgeni Malkin is hit by Fabian Brunnstrom.
11:19 of 1st period - Snap shot by Evgeni Malkin.
11:19 of 1st period - Stopped by Marc-André Fleury without a rebound.
11:20 of 1st period - Gilbert Brule wins face-off versus Brenden Morrow in Maple Leafs zone.
11:20 of 1st period - Gilbert Brule is hit by Brenden Morrow.
11:52 of 1st period - Snap shot by Brandon Dubinsky.
11:52 of 1st period - Shot Blocked by Taylor Chorney.
13:19 of 1st period - Slapshot by Mark Scheifele.
13:19 of 1st period - Shot Misses the Net.
13:48 of 1st period - Snap shot by Claude Giroux.
13:48 of 1st period - Stopped by Jeff Deslauriers with a rebound.
13:58 of 1st period - Off-side.
13:59 of 1st period - Daniel Briere wins face-off versus Mark Scheifele in neutral zone.
14:04 of 1st period - Wrist shot by Brenden Morrow.
14:04 of 1st period - Stopped by Marc-André Fleury without a rebound.
14:05 of 1st period - Daniel Briere wins face-off versus Mark Scheifele in Maple Leafs zone.
14:06 of 1st period - Slapshot by Brenden Morrow.
14:06 of 1st period - Stopped by Marc-André Fleury without a rebound.
14:07 of 1st period - Fabian Brunnstrom wins face-off versus Daniel Briere in Maple Leafs zone.
14:18 of 1st period - Wrist shot by Mark Scheifele.
14:18 of 1st period - Shot Blocked by Vladimir Mihalik.
14:20 of 1st period - Snap shot by Mark Scheifele.
14:20 of 1st period - Stopped by Jeff Deslauriers with a rebound.
14:44 of 1st period - Snap shot by Ben Smith.
14:44 of 1st period - Shot Blocked by Daniel Briere.
14:46 of 1st period - Slapshot by Ryan Parent.
14:46 of 1st period - Stopped by Jeff Deslauriers with a rebound.
14:48 of 1st period - Snap shot by Ryan Parent.
14:48 of 1st period - Stopped by Jeff Deslauriers without a rebound.
14:49 of 1st period - Evgeni Malkin wins face-off versus Jordan Staal in Senateurs zone.
15:00 of 1st period - Wrist shot by Thomas Vanek.
15:00 of 1st period - Stopped by Marc-André Fleury with a rebound.
15:06 of 1st period - Slapshot by Jordan Staal.
15:06 of 1st period - Shot Misses the Net.
15:24 of 1st period - Slapshot by Chris Kunitz.
15:24 of 1st period - Shot Misses the Net.
15:26 of 1st period - Minor Penalty to Eric Nystrom for Delaying the game.
15:27 of 1st period - Evgeni Malkin wins face-off versus Claude Giroux in Maple Leafs zone.
16:00 of 1st period - Snap shot by Brenden Morrow.
16:00 of 1st period - Goal by Brenden Morrow - Senateurs : 3 - Maple Leafs : 0.
16:01 of 1st period - Evgeni Malkin wins face-off versus Mark Scheifele in neutral zone.
16:06 of 1st period - Slapshot by Karl Alzner.
16:06 of 1st period - Stopped by Marc-André Fleury without a rebound.
16:07 of 1st period - Thomas Vanek wins face-off versus Mark Scheifele in Maple Leafs zone.
16:30 of 1st period - Minor Penalty to Ben Smith for Holding.
16:31 of 1st period - Evgeni Malkin wins face-off versus Claude Giroux in Maple Leafs zone.
16:36 of 1st period - Wrist shot by Evgeni Malkin.
16:36 of 1st period - Stopped by Marc-André Fleury without a rebound.
16:37 of 1st period - Evgeni Malkin wins face-off versus Claude Giroux in Maple Leafs zone.
18:30 of 1st period - Penalty to Ben Smith is over, Ben Smith is back on ice.
18:41 of 1st period - Wrist shot by Zac Dalpe.
18:41 of 1st period - Stopped by Jeff Deslauriers with a rebound.
18:43 of 1st period - Snap shot by Jeremy Morin.
18:43 of 1st period - Stopped by Jeff Deslauriers with a rebound.
18:45 of 1st period - Wrist shot by Jeremy Morin.
18:45 of 1st period - Shot Misses the Net.
19:05 of 1st period - Dan Hamhuis is hit by Ben Smith and loses puck.
Goals for this period are 3 for Senateurs vs 0 for Maple Leafs.
Shots for this period are 12 for Senateurs vs 9 for Maple Leafs.

2nd period


0:01 of 2nd period - Jordan Staal wins face-off versus Evgeni Malkin in neutral zone.
0:29 of 2nd period - Slapshot by Daniel Briere.
0:29 of 2nd period - Stopped by Marc-André Fleury without a rebound.
0:30 of 2nd period - Mark Scheifele wins face-off versus Marian Hossa in Maple Leafs zone.
0:30 of 2nd period - Mark Scheifele is hit by Daniel Briere.
1:34 of 2nd period - Minor Penalty to Tobias Enstrom for Roughing.
1:35 of 2nd period - Evgeni Malkin wins face-off versus Claude Giroux in Maple Leafs zone.
2:06 of 2nd period - Slapshot by Dan Hamhuis.
2:06 of 2nd period - Shot Misses the Net.
2:08 of 2nd period - Wrist shot by Dan Hamhuis.
2:08 of 2nd period - Deflect By Daniel Briere.
2:08 of 2nd period - Goal by Daniel Briere - Senateurs : 4 - Maple Leafs : 0.
2:08 of 2nd period - Thomas McCollum enters game.
2:09 of 2nd period - Jordan Staal wins face-off versus Evgeni Malkin in neutral zone.
2:35 of 2nd period - Marc-Édouard Vlasic is hit by Daniel Briere and loses puck.
4:20 of 2nd period - Minor Penalty to Radim Vrbata for Holding Stick.
4:21 of 2nd period - Jordan Staal wins face-off versus Evgeni Malkin in Senateurs zone.
4:32 of 2nd period - Slapshot by Jordan Staal.
4:32 of 2nd period - Stopped by Jeff Deslauriers without a rebound.
4:33 of 2nd period - Jordan Staal wins face-off versus Thomas Vanek in Senateurs zone.
4:38 of 2nd period - Snap shot by Jordan Staal.
4:38 of 2nd period - Stopped by Jeff Deslauriers with a rebound.
4:40 of 2nd period - Slapshot by Tobias Enstrom.
4:40 of 2nd period - Stopped by Jeff Deslauriers without a rebound.
4:41 of 2nd period - Jordan Staal wins face-off versus Evgeni Malkin in Senateurs zone.
4:58 of 2nd period - Slapshot by Tobias Enstrom.
4:58 of 2nd period - Stopped by Jeff Deslauriers without a rebound.
4:59 of 2nd period - Evgeni Malkin wins face-off versus Gilbert Brule in Senateurs zone.
5:08 of 2nd period - Wrist shot by Thomas Vanek.
5:08 of 2nd period - Stopped by Thomas McCollum with a rebound.
5:26 of 2nd period - Karl Alzner is hit by Claude Giroux and loses puck.
6:20 of 2nd period - Penalty to Radim Vrbata is over, Radim Vrbata is back on ice.
6:37 of 2nd period - Slapshot by Cody Franson.
6:37 of 2nd period - Stopped by Thomas McCollum without a rebound.
6:38 of 2nd period - Daniel Briere wins face-off versus Claude Giroux in Maple Leafs zone.
6:52 of 2nd period - Braydon Coburn beats up Daniel Briere.
6:52 of 2nd period - Penalty to Braydon Coburn for Fighting.
6:52 of 2nd period - Penalty to Daniel Briere for Fighting.
6:53 of 2nd period - Jordan Staal wins face-off versus Evgeni Malkin in Senateurs zone.
7:43 of 2nd period - Snap shot by Gilbert Brule.
7:43 of 2nd period - Shot Misses the Net.
8:14 of 2nd period - Radim Vrbata is hit by Jordan Staal and loses puck.
8:22 of 2nd period - Off-side.
8:23 of 2nd period - Jordan Staal wins face-off versus Brenden Morrow in neutral zone.
8:30 of 2nd period - Wrist shot by Claude Giroux.
8:30 of 2nd period - Shot Blocked by Brenden Morrow.
8:32 of 2nd period - Slapshot by Tobias Enstrom.
8:32 of 2nd period - Stopped by Jeff Deslauriers without a rebound.
8:33 of 2nd period - Jordan Staal wins face-off versus Cody Hodgson in Senateurs zone.
9:04 of 2nd period - Snap shot by Jordan Staal.
9:04 of 2nd period - Stopped by Jeff Deslauriers with a rebound.
9:34 of 2nd period - Snap shot by Marian Hossa.
9:34 of 2nd period - Deflect By Cody Hodgson.
9:34 of 2nd period - Goal by Cody Hodgson - Senateurs : 5 - Maple Leafs : 0.
9:35 of 2nd period - Evgeni Malkin wins face-off versus Mark Scheifele in neutral zone.
9:42 of 2nd period - Snap shot by Thomas Vanek.
9:42 of 2nd period - Stopped by Thomas McCollum with a rebound.
10:02 of 2nd period - Tobias Enstrom is hit by Cody Franson and loses puck.
10:16 of 2nd period - Minor Penalty to Eric Nystrom for Goalie Interference.
10:17 of 2nd period - Claude Giroux wins face-off versus Evgeni Malkin in Maple Leafs zone.
10:53 of 2nd period - Wrist shot by Brenden Morrow.
10:53 of 2nd period - Stopped by Thomas McCollum without a rebound.
10:54 of 2nd period - Gilbert Brule wins face-off versus Colby Armstrong in Maple Leafs zone.
10:54 of 2nd period - Gilbert Brule is hit by Colby Armstrong.
11:52 of 2nd period - Penalty to Braydon Coburn is over, Braydon Coburn is back on ice.
12:16 of 2nd period - Penalty to Eric Nystrom is over, Eric Nystrom is back on ice.
12:40 of 2nd period - Snap shot by Artemi Panarin.
12:40 of 2nd period - Stopped by Jeff Deslauriers without a rebound.
12:41 of 2nd period - Zac Dalpe wins face-off versus Marc-André Bernier in Senateurs zone.
13:55 of 2nd period - Wrist shot by Radim Vrbata.
13:55 of 2nd period - Goal by Radim Vrbata - Senateurs : 6 - Maple Leafs : 0.
13:56 of 2nd period - Evgeni Malkin wins face-off versus Jordan Staal in neutral zone.
14:43 of 2nd period - Carlo Colaiacovo is hit by Eric Nystrom and loses puck.
15:05 of 2nd period - Minor Penalty to T.J Galiardi for Slashing.
15:06 of 2nd period - Claude Giroux wins face-off versus Evgeni Malkin in Maple Leafs zone.
15:15 of 2nd period - Off-side.
15:16 of 2nd period - Claude Giroux wins face-off versus Evgeni Malkin in neutral zone.
15:19 of 2nd period - Snap shot by Jordan Staal.
15:19 of 2nd period - Shot Blocked by Dan Hamhuis.
16:08 of 2nd period - Thomas Vanek is hit by Ryan Parent and loses puck.
16:53 of 2nd period - Thomas Vanek is hit by Eric Nystrom and loses puck.
17:05 of 2nd period - Penalty to T.J Galiardi is over, T.J Galiardi is back on ice.
18:27 of 2nd period - John Klingberg is hit by Carlo Colaiacovo and loses puck.
18:36 of 2nd period - Sergei Kostitsyn is hit by Gilbert Brule and loses puck.
18:47 of 2nd period - Wrist shot by Jeremy Morin.
18:47 of 2nd period - Shot Misses the Net.
18:49 of 2nd period - Snap shot by T.J Galiardi.
18:49 of 2nd period - Shot Blocked by Brandon Dubinsky.
18:51 of 2nd period - Snap shot by Marc-Édouard Vlasic.
18:51 of 2nd period - Deflect By Cody Franson.
18:51 of 2nd period - Stopped by Jeff Deslauriers with a rebound.
19:09 of 2nd period - Wrist shot by Chris Kunitz.
19:09 of 2nd period - Deflect By Daniel Briere.
19:09 of 2nd period - Shot Misses the Net.
19:09 of 2nd period - Puck is out of play.
19:10 of 2nd period - Artemi Panarin wins face-off versus Daniel Briere in Maple Leafs zone.
19:36 of 2nd period - Dan Hamhuis is hit by John Klingberg and loses puck.
19:57 of 2nd period - Wrist shot by Eric Nystrom.
19:57 of 2nd period - Stopped by Jeff Deslauriers with a rebound.
Goals for this period are 3 for Senateurs vs 0 for Maple Leafs.
Shots for this period are 8 for Senateurs vs 9 for Maple Leafs.

3rd period


0:01 of 3rd period - Evgeni Malkin wins face-off versus Jordan Staal in neutral zone.
0:03 of 3rd period - Minor Penalty to Karl Alzner for Goalie Interference.
0:04 of 3rd period - Evgeni Malkin wins face-off versus Jordan Staal in Senateurs zone.
0:15 of 3rd period - Slapshot by John Klingberg.
0:15 of 3rd period - Shot Misses the Net.
0:17 of 3rd period - Slapshot by John Klingberg.
0:17 of 3rd period - Stopped by Jeff Deslauriers with a rebound.
0:19 of 3rd period - Slapshot by Tobias Enstrom.
0:19 of 3rd period - Shot Blocked by Brooks Orpik.
0:38 of 3rd period - Off-side.
0:39 of 3rd period - Daniel Briere wins face-off versus Jordan Staal in neutral zone.
0:42 of 3rd period - Slapshot by Brooks Orpik.
0:42 of 3rd period - Deflect By Jordan Staal.
0:42 of 3rd period - Stopped by Thomas McCollum with a rebound.
0:46 of 3rd period - Snap shot by Marian Hossa.
0:46 of 3rd period - Stopped by Thomas McCollum with a rebound.
0:48 of 3rd period - Snap shot by Daniel Briere.
0:48 of 3rd period - Shot Misses the Net.
0:50 of 3rd period - Backhand shot by Carlo Colaiacovo.
0:50 of 3rd period - Shot Misses the Net.
0:52 of 3rd period - Wrist shot by Marian Hossa.
0:52 of 3rd period - Deflect By Daniel Briere.
0:52 of 3rd period - Shot Misses the Net.
0:52 of 3rd period - Puck is out of play.
0:53 of 3rd period - Evgeni Malkin wins face-off versus Jordan Staal in Maple Leafs zone.
2:03 of 3rd period - Penalty to Karl Alzner is over, Karl Alzner is back on ice.
2:05 of 3rd period - Karl Alzner is hit by Fabian Brunnstrom and loses puck.
2:12 of 3rd period - Slapshot by Brooks Orpik.
2:12 of 3rd period - Deflect By Brandon Dubinsky.
2:12 of 3rd period - Stopped by Thomas McCollum with a rebound.
2:14 of 3rd period - Slapshot by Dan Hamhuis.
2:14 of 3rd period - Stopped by Thomas McCollum with a rebound.
2:24 of 3rd period - Slapshot by T.J Galiardi.
2:24 of 3rd period - Shot Blocked by Dan Hamhuis.
3:15 of 3rd period - Icing by Evgeni Malkin.
3:16 of 3rd period - Zac Dalpe wins face-off versus Cody Hodgson in Senateurs zone.
3:17 of 3rd period - Snap shot by Jeremy Morin.
3:17 of 3rd period - Shot Misses the Net.
3:19 of 3rd period - Snap shot by Zac Dalpe.
3:19 of 3rd period - Shot Misses the Net.
3:21 of 3rd period - Slapshot by Jeremy Morin.
3:21 of 3rd period - Goal by Jeremy Morin - Senateurs : 6 - Maple Leafs : 1.
3:22 of 3rd period - Jordan Staal wins face-off versus Evgeni Malkin in neutral zone.
3:22 of 3rd period - Claude Giroux is hit by Thomas Vanek and loses puck.
3:27 of 3rd period - Slapshot by Braydon Coburn.
3:27 of 3rd period - Stopped by Jeff Deslauriers with a rebound.
3:29 of 3rd period - Wrist shot by Braydon Coburn.
3:29 of 3rd period - Stopped by Jeff Deslauriers with a rebound.
3:31 of 3rd period - Slapshot by Marc-Édouard Vlasic.
3:31 of 3rd period - Stopped by Jeff Deslauriers with a rebound.
3:33 of 3rd period - Snap shot by Jordan Staal.
3:33 of 3rd period - Stopped by Jeff Deslauriers without a rebound.
3:34 of 3rd period - Jordan Staal wins face-off versus Thomas Vanek in Senateurs zone.
3:41 of 3rd period - Slapshot by Evgeni Malkin.
3:41 of 3rd period - Shot Misses the Net.
4:00 of 3rd period - Mark Scheifele is hit by Cody Franson and loses puck.
4:38 of 3rd period - Wrist shot by Evgeni Malkin.
4:38 of 3rd period - Deflect By Colby Armstrong.
4:38 of 3rd period - Stopped by Thomas McCollum without a rebound.
4:39 of 3rd period - Evgeni Malkin wins face-off versus Gilbert Brule in Maple Leafs zone.
4:44 of 3rd period - Snap shot by Colby Armstrong.
4:44 of 3rd period - Stopped by Thomas McCollum without a rebound.
4:45 of 3rd period - Evgeni Malkin wins face-off versus Gilbert Brule in Maple Leafs zone.
4:52 of 3rd period - Slapshot by Evgeni Malkin.
4:52 of 3rd period - Shot Misses the Net.
4:54 of 3rd period - Snap shot by Thomas Vanek.
4:54 of 3rd period - Goal by Thomas Vanek - Senateurs : 7 - Maple Leafs : 1.
4:55 of 3rd period - Jordan Staal wins face-off versus Evgeni Malkin in neutral zone.
5:24 of 3rd period - Mark Scheifele is hit by Marian Hossa and loses puck.
5:53 of 3rd period - Wrist shot by Sergei Kostitsyn.
5:53 of 3rd period - Shot Misses the Net.
5:55 of 3rd period - Slapshot by Carlo Colaiacovo.
5:55 of 3rd period - Shot Misses the Net.
6:06 of 3rd period - Minor Penalty to Brandon Dubinsky for Roughing.
6:07 of 3rd period - Jordan Staal wins face-off versus Evgeni Malkin in Senateurs zone.
6:12 of 3rd period - Snap shot by Claude Giroux.
6:12 of 3rd period - Stopped by Jeff Deslauriers with a rebound.
6:54 of 3rd period - Snap shot by Claude Giroux.
6:54 of 3rd period - Deflect By Jordan Staal.
6:54 of 3rd period - Shot Blocked by Daniel Briere.
6:54 of 3rd period - Puck is out of play.
6:55 of 3rd period - Daniel Briere wins face-off versus Jordan Staal in Senateurs zone.
8:06 of 3rd period - Penalty to Brandon Dubinsky is over, Brandon Dubinsky is back on ice.
8:16 of 3rd period - Snap shot by Sergei Kostitsyn.
8:16 of 3rd period - Deflect By Cody Hodgson.
8:16 of 3rd period - Stopped by Thomas McCollum without a rebound.
8:17 of 3rd period - Zac Dalpe wins face-off versus Cody Hodgson in Maple Leafs zone.
8:17 of 3rd period - Zac Dalpe is hit by Cody Hodgson.
8:23 of 3rd period - Karl Alzner is hit by Taylor Chorney and loses puck.
8:38 of 3rd period - Sergei Kostitsyn is hit by Jeremy Morin and loses puck.
9:57 of 3rd period - Wrist shot by Zac Dalpe.
9:57 of 3rd period - Shot Misses the Net.
9:59 of 3rd period - Snap shot by Zac Dalpe.
9:59 of 3rd period - Stopped by Jeff Deslauriers with a rebound.
10:01 of 3rd period - Snap shot by T.J Galiardi.
10:01 of 3rd period - Stopped by Jeff Deslauriers without a rebound.
10:02 of 3rd period - Jordan Staal wins face-off versus Evgeni Malkin in Senateurs zone.
10:02 of 3rd period - Brooks Orpik beats up Claude Giroux.
10:02 of 3rd period - Penalty to Claude Giroux for Fighting.
10:02 of 3rd period - Penalty to Brooks Orpik for Fighting.
10:03 of 3rd period - Jordan Staal wins face-off versus Colby Armstrong in Senateurs zone.
10:04 of 3rd period - Slapshot by Tobias Enstrom.
10:04 of 3rd period - Stopped by Jeff Deslauriers with a rebound.
10:12 of 3rd period - Snap shot by Jordan Staal.
10:12 of 3rd period - Stopped by Jeff Deslauriers with a rebound.
10:34 of 3rd period - Off-side.
10:35 of 3rd period - Jordan Staal wins face-off versus Daniel Briere in neutral zone.
10:58 of 3rd period - Icing by Taylor Chorney.
10:59 of 3rd period - Colby Armstrong wins face-off versus Jordan Staal in Maple Leafs zone.
11:26 of 3rd period - Wrist shot by Jordan Staal.
11:26 of 3rd period - Deflect By Dan Hamhuis.
11:26 of 3rd period - Stopped by Jeff Deslauriers with a rebound.
11:28 of 3rd period - Slapshot by Ryan Parent.
11:28 of 3rd period - Deflect By Mark Scheifele.
11:28 of 3rd period - Shot Misses the Net.
11:28 of 3rd period - Puck is out of play.
11:29 of 3rd period - Gilbert Brule wins face-off versus Daniel Briere in Senateurs zone.
12:50 of 3rd period - Slapshot by Cody Franson.
12:50 of 3rd period - Stopped by Thomas McCollum without a rebound.
12:51 of 3rd period - Jordan Staal wins face-off versus Daniel Briere in Maple Leafs zone.
13:14 of 3rd period - Minor Penalty to Daniel Briere for Hooking.
13:15 of 3rd period - Artemi Panarin wins face-off versus Evgeni Malkin in Senateurs zone.
15:00 of 3rd period - Cody Franson is hit by Mark Scheifele and loses puck.
15:02 of 3rd period - Penalty to Brooks Orpik is over, Brooks Orpik is back on ice.
15:11 of 3rd period - John Klingberg is hit by Evgeni Malkin and loses puck.
15:14 of 3rd period - Penalty to Daniel Briere is over, Daniel Briere is back on ice.
15:30 of 3rd period - Wrist shot by Thomas Vanek.
15:30 of 3rd period - Shot Blocked by Blake Comeau.
15:44 of 3rd period - Wrist shot by Thomas Vanek.
15:44 of 3rd period - Stopped by Thomas McCollum without a rebound.
15:45 of 3rd period - Zac Dalpe wins face-off versus Cody Hodgson in Maple Leafs zone.
15:45 of 3rd period - Zac Dalpe is hit by Cody Hodgson.
16:17 of 3rd period - Snap shot by Brandon Dubinsky.
16:17 of 3rd period - Stopped by Thomas McCollum with a rebound.
16:52 of 3rd period - Slapshot by Jordan Staal.
16:52 of 3rd period - Goal by Jordan Staal - Senateurs : 7 - Maple Leafs : 2.
16:53 of 3rd period - Evgeni Malkin wins face-off versus Mark Scheifele in neutral zone.
17:07 of 3rd period - Wrist shot by Thomas Vanek.
17:07 of 3rd period - Shot Blocked by Tobias Enstrom.
17:09 of 3rd period - Snap shot by Colby Armstrong.
17:09 of 3rd period - Stopped by Thomas McCollum without a rebound.
17:10 of 3rd period - Marian Hossa wins face-off versus Jordan Staal in Maple Leafs zone.
17:25 of 3rd period - Wrist shot by Brenden Morrow.
17:25 of 3rd period - Stopped by Thomas McCollum with a rebound.
17:27 of 3rd period - Minor Penalty to John Klingberg for Roughing.
17:28 of 3rd period - Evgeni Malkin wins face-off versus Claude Giroux in Maple Leafs zone.
17:52 of 3rd period - Icing by Thomas Vanek.
17:53 of 3rd period - Evgeni Malkin wins face-off versus Claude Giroux in Senateurs zone.
18:02 of 3rd period - Wrist shot by Daniel Briere.
18:02 of 3rd period - Stopped by Thomas McCollum without a rebound.
18:03 of 3rd period - Claude Giroux wins face-off versus Daniel Briere in Maple Leafs zone.
18:26 of 3rd period - Snap shot by Thomas Vanek.
18:26 of 3rd period - Goal by Thomas Vanek - Senateurs : 8 - Maple Leafs : 2.
18:27 of 3rd period - Evgeni Malkin wins face-off versus Jordan Staal in neutral zone.
19:01 of 3rd period - Minor Penalty to Braydon Coburn for Tripping.
19:02 of 3rd period - Claude Giroux wins face-off versus Evgeni Malkin in Maple Leafs zone.
19:27 of 3rd period - Claude Giroux is hit by Daniel Briere and loses puck.
Goals for this period are 2 for Senateurs vs 2 for Maple Leafs.
Shots for this period are 15 for Senateurs vs 13 for Maple Leafs.